 Dungeon Crawl Stone Soup version 0.28-a0-8-g6e044cfa68 (webtiles) character file.

Game seed: 13868195717060073939

422 avis the Cleaver (level 6, -1/52 HPs)
             Began as a Hill Orc Monk on July 23, 2021.
             Was a Believer of Beogh.
             Splashed by an acid dragon's acid (13 damage)
             ... on level 5 of the Dungeon.
             The game lasted 00:17:15 (4912 turns).

avis the Cleaver (Hill Orc Monk)                    Turns: 4912, Time: 00:17:17

Health: -1/52      AC:  8    Str: 22    XL:     6   Next: 95%
Magic:  6/6        EV: 12    Int: 10    God:    Beogh [**....]
Gold:   174        SH:  0    Dex: 13    Spells: 5/5 levels left

rFire   . . .      SeeInvis .   a - +0 hand axe
rCold   . . .      Faith    .   (no shield)
rNeg    . . .      Spirit   .   f - +0 ring mail
rPois   .          Reflect  .   (no helmet)
rElec   .          Harm     .   (no cloak)
rCorr   .          Rampage  .   (no gloves)
Will    .....                   D - +2 pair of boots
Stlth   +.........              (no amulet)
HPRegen 0.17/turn               i - +6 ring of strength
MPRegen 0.10/turn               (no ring)

@: no status effects
A: no striking features
a: Renounce Religion, Smiting


You were on level 5 of the Dungeon.
You worshipped Beogh.
Beogh was pleased with you.
You visited 1 branch of the dungeon, and saw 5 of its levels.

You collected 174 gold pieces.

Inventory:

Hand Weapons
 a - a +0 hand axe (weapon)
 b - a +0 halberd
 e - a +1 dagger of holy wrath
 p - a +0 halberd
 s - a +2 dagger of speed
Missiles
 c - 127 stones
 d - 56 bolts
 n - 24 arrows
 t - 21 poisoned darts (quivered)
 z - 3 boomerangs
Armour
 f - a +0 ring mail (worn)
 o - a +0 pair of boots
 D - a +2 pair of boots (worn)
Jewellery
 i - a +6 ring of strength (left hand)
 y - an amulet of magic regeneration
Wands
 C - a wand of flame (21)
Scrolls
 g - a scroll of holy word {unknown}
 j - a scroll of vulnerability {unknown}
 q - 2 scrolls of identify {unknown}
 r - a scroll of fog {unknown}
 u - a scroll of summoning {unknown}
 v - a scroll of blinking {unknown}
 x - a scroll of torment {unknown}
 A - a scroll of brand weapon {unknown}
 B - a scroll of amnesia {unknown}
Potions
 h - a potion of lignification {unknown}
 k - a potion of ambrosia {unknown}
 l - 2 potions of degeneration {unknown}
 m - 3 potions of curing {unknown}
 w - a potion of haste {unknown}
 E - a potion of brilliance {unknown}


   Skills:
 - Level 4.0 Fighting
 * Level 9.2 Axes
 - Level 3.0 Dodging
 - Level 2.0 Stealth


You had 5 spell levels left.
You didn't know any spells.
Your spell library was empty.

Dungeon Overview and Level Annotations

Branches:
Dungeon (5/15)
 Temple: D:4-7

Altars:
Sif Muna

Shops:
D:2 !


Message History

You throw a poisoned dart. The poisoned dart hits the acid dragon.
The acid dragon is poisoned.
The acid dragon roars!
Throw: 23 darts (poison)
Press: ? - help, Q - select action, (/) - cycle Shift-Dir - straight line, f/p - acid dragon
Aim: an acid dragon (poisoned, 59% to hit)
You throw a poisoned dart.
The poisoned dart closely misses the acid dragon.
The acid dragon spits acid at you. The splash of acid hits you!
You are splashed with acid.
Throw: 22 darts (poison)
Press: ? - help, Q - select action, (/) - cycle Shift-Dir - straight line, f/p - acid dragon
Aim: an acid dragon (lightly wounded, poisoned, 59% to hit)
You throw a poisoned dart.
The poisoned dart closely misses the acid dragon.
You closely miss the acid dragon.
The acid dragon is lightly wounded.
The acid dragon looks more healthy.
The acid dragon spits acid at you. The splash of acid misses you.
You completely miss the acid dragon.
The acid dragon is lightly wounded.
The acid dragon barely misses you. x2
You hit the acid dragon but do no damage.
The acid dragon is lightly wounded.
You slash the acid dragon!
The acid dragon is heavily wounded.
The acid dragon bites you but does no damage.
The acid dragon claws you.
You barely miss the acid dragon.
The acid dragon is heavily wounded.
The acid dragon spits acid at you. The splash of acid hits you!
You are splashed with acid!
You slash the acid dragon!
The acid dragon is severely wounded.
The acid dragon spits acid at you. The splash of acid hits you.
* * * LOW HITPOINT WARNING * * *
You are splashed with acid!
You die...

###(.
....
...#
.(.
..#
..##
##D..#
##@.#
##..##
#<###
###


You could see an acid dragon (catching breath).

Vanquished Creatures
  A black bear (D:4)
  A sky beast (D:2)
  A scorpion (D:4)
  A gnoll shaman (D:3)
  3 adders
  5 gnolls
  A worm (D:4)
  A dart slug (D:1)
  An orc (D:3)
  3 ball pythons
  5 bats
  9 endoplasms
  A giant cockroach (D:4)
  13 goblins
  6 hobgoblins
  6 jackals
  A quokka (D:1)
  3 frilled lizards
  7 kobolds
  2 rats
71 creatures vanquished.

Vanquished Creatures (others)
  An orc wizard (D:4)
  A gnoll (D:4)
  4 orcs (D:4)
  A kobold (D:4)
7 creatures vanquished.

Grand Total: 78 creatures vanquished

Notes
Turn   | Place    | Note
-------+----------+-------------------------------------------
     0 | D:1      | avis the Hill Orc Monk began the quest for the Orb.
     0 | D:1      | Reached XP level 1. HP: 19/19 MP: 1/1
   590 | D:1      | Reached XP level 2. HP: 26/26 MP: 2/2
   646 | D:1      | Reached skill level 5 in Axes
   988 | D:1      | Found a faded altar of an unknown god.
  1089 | D:1      | Reached XP level 3. HP: 31/33 MP: 3/3
  2058 | D:1      | Reached XP level 4. HP: 6/40 MP: 4/4
  2574 | D:2      | Found Jyqoehok's Distillery.
  2994 | D:3      | Noticed a sky beast
  3000 | D:3      | Reached skill level 6 in Axes
  3025 | D:2      | Killed a sky beast
  3026 | D:2      | Reached skill level 7 in Axes
  3026 | D:2      | Reached XP level 5. HP: 17/46 MP: 5/5
  3835 | D:4      | Reached XP level 6. HP: 49/52 MP: 6/6
  3886 | D:4      | Became a worshipper of Beogh the Brigand
  3886 | D:4      | Reached * piety under Beogh
  3886 | D:4      | Reached ** piety under Beogh
  4224 | D:4      | Noticed a black bear
  4237 | D:4      | Killed a black bear
  4238 | D:4      | Reached skill level 8 in Axes
  4633 | D:4      | Reached skill level 9 in Axes
  4686 | D:4      | Found a shimmering blue altar of Sif Muna.
  4864 | D:5      | Entered Level 5 of the Dungeon
  4902 | D:5      | Noticed an acid dragon
  4912 | D:5      | Splashed by an acid dragon's acid

Illustrated notes

Levels and vault maps discovered:
D:1:      nzn_arrival_depleted_hourglass, layout_basic,
          dilly_ecumenical_altar_fadedgnrine
D:2:      layout_basic, serial_shops, nicolae_shop_waterfront, hex_medium
D:3:      layout_rooms, minmay_ruptured
D:4:      layout_gridville, general_overflow_altar
D:5:      layout_layer_cave, minmay_temple_entry_glass, grunt_ministairs_1

Skill      XL: |  1  2  3  4  5  6 |
---------------+-------------------+-----
Axes           | 5 7 9 |  9.2
Fighting       | 4 |  4.0
Dodging        | 3 |  3.0
Stealth        | 2 |  2.0

Action                   |  1- 3 |  4- 6 || total
-------------------------+-------+-------++-------
Melee: Hand axe          |   100 |   139 ||   239
Throw: Boomerang         |       |     8 ||     8
       Dart              |       |    21 ||    21
Invok: Convert to Beogh  |       |     1 ||     1
 Stab: Confused          |       |     1 ||     1
Armor: Robe              |     1 |       ||     1
       Ring mail         |    28 |    37 ||    65
Dodge: Dodged            |    41 |    70 ||   111

Table legend: (Time is in decaauts)
 A = Elapsed time spent in this place.
 B = Non-inter-level travel time spent in this place.
 C = Inter-level travel time spent in this place.
 D = Time resting spent in this place.
 E = Time spent auto-exploring this place.
 F = Levels seen in this place.
 G = Mean time per level.
                   A        B        C        D        E       F      G
               +--------+--------+--------+--------+--------+-----+--------+
         Total |   4926 |   4586 |    340 |   1501 |   2187 |   5 |  985.2 |
       Dungeon |   4926 |   4586 |    340 |   1501 |   2187 |   5 |  985.2 |
               +--------+--------+--------+--------+--------+-----+--------+

Top non-repeatable levels by time:
     D:1: 2146 daAuts
     D:2: 1052 daAuts
     D:4: 894 daAuts
     D:3: 821 daAuts
     D:5: 12 daAuts
